 Dungeon Crawl Stone Soup version 0.20-a0-3-g334f831 (webtiles) character file.

43 wazuzu the Cutter (level 3, -16/19 HPs)
             Began as a Vine Stalker Monk on Oct 30, 2016.
             Demolished by an ogre
             ... wielding a +0 giant spiked club
              (21 damage)
             ... on level 1 of the Dungeon.
             The game lasted 00:01:58 (1287 turns).

wazuzu the Cutter (Vine Stalker Monk)               Turns: 1287, Time: 00:01:59

Health: -16/19     AC:  2    Str: 14    XL:     3   Next: 58%
Magic:  0/4        EV: 13    Int: 10    God:
Gold:   102        SH:  0    Dex: 16    Spells: 0 memorised, 2 levels left

rFire  . . .     SeeInvis .     a - +0 short sword
rCold  . . .     Gourm    .     b - +0 robe
rNeg   . . .     Faith    .     (no shield)
rPois  .         Spirit   +     (no helmet)
rElec  .         Reflect  .     (no cloak)
rCorr  .         Harm     .     (no gloves)
MR     +....                    (no boots)
Stlth  ++........               (no amulet)
                                (no ring)
                                j - ring of protection from magic

@: no status effects
A: fangs 2, magic shield, antimagic bite, no device heal 3, rot immunity
a: no special abilities


You were on level 1 of the Dungeon.
You were not hungry.

You visited 1 branch of the dungeon, and saw 1 of its levels.

You collected 102 gold pieces.

Inventory:

Hand Weapons
 a - a +0 short sword (weapon)
Armour
 b - a +0 robe (worn)
Jewellery
 j - a ring of protection from magic (left hand)
Scrolls
 d - 2 scrolls of enchant armour {unknown}
 e - 2 scrolls of teleportation {unknown}
 g - 2 scrolls of remove curse {unknown}
 k - 2 scrolls of identify {unknown}
Potions
 f - a potion of ambrosia {unknown}
 i - a potion of magic {unknown}
Comestibles
 c - a bread ration
 h - 3 fruits


   Skills:
 - Level 2.6 Fighting
 + Level 4.0 Short Blades
 - Level 2.4 Dodging
 - Level 2.4 Stealth


You had 2 spell levels left.
You didn't know any spells.

Dungeon Overview and Level Annotations

Branches:
Dungeon (1/15)

Altars:


Innate Abilities, Weirdness & Mutations

You have extremely sharp teeth.
When hurt, damage is shared between your health and your magic reserves.
Your bite disrupts and absorbs the magic of your enemies.
Potions and wands cannot restore your health.
You are immune to rotting.


Message History

Ouch! That really hurt!
* * * LOW HITPOINT WARNING * * *
You hit the ogre. You bite the ogre, but do no damage.
The ogre is moderately wounded.
You barely miss the ogre. You bite the ogre, but do no damage.
The ogre is moderately wounded.
The ogre closely misses you.
You hit the ogre.
The ogre is heavily wounded.
The ogre completely misses you.
You hit the ogre but do no damage. You bite the ogre, but do no damage.
The ogre is heavily wounded.
You hit the ogre.
The ogre is severely wounded.
The ogre closely misses you.
You barely miss the ogre. Your bite misses the ogre.
The ogre is severely wounded.
The ogre hits you with a giant spiked club!!
Ouch! That really hurt!
You die...

####.........####...#.##.######..
...'>........'...................
####.........##.......##.######..
# ##.....÷........#####.# ##. #
##.....#.##.##.#####.# #.
#######..(##.##..#.......# #.
#........###.###.#.####### #.
#######..# #.# #O#.# #.
#######..# #.###@#.# #.
§≈≈≈≈##..###.......# #.
#...≈##...######.### #.
.....'.....# #.# #. #...§##....##
#.# #. ≈≈≈≈≈#....#.####.# #.
########.###.....# ## #
#..#.###### # #.#.## #


You could see an ogre.

Vanquished Creatures
  2 oozes (D:1)
  2 dart slugs (D:1)
  2 leopard geckos (D:1)
  4 bats (D:1)
  A giant cockroach (D:1)
  A goblin (D:1)
  2 hobgoblins (D:1)
  4 frilled lizards (D:1)
  8 kobolds (D:1)
  4 rats (D:1)
30 creatures vanquished.

Notes
Turn   | Place    | Note
-------+----------+-------------------------------------------
     0 | D:1      | wazuzu the Vine Stalker Monk began the quest for the Orb.
     0 | D:1      | Reached XP level 1. HP: 11/11 MP: 2/2
    37 | D:1      | Reached skill level 3 in Short Blades
    76 | D:1      | Reached XP level 2. HP: 12/16 MP: 3/3
   562 | D:1      | Reached XP level 3. HP: 19/19 MP: 4/4
  1068 | D:1      | Reached skill level 4 in Short Blades
  1278 | D:1      | Noticed an ogre
  1287 | D:1      | Demolished by an ogre

Vault maps used:
D:1:      mrwooster_arrival_statue_2, kennysheep_minor_cross, minivault_11,
          minmay_hexomino_c4

Skill      XL: |  1  2  3 |
---------------+----------+-----
Short Blades   | 3 4 |  4.0
Fighting       | |  2.6
Dodging        | |  2.4
Stealth        | |  2.4

Action                   || total
-------------------------++-------
Melee: Short sword       ||    88
       Bite              ||    26
 Stab: Sleeping          ||     7
  Eat: Chunk             ||     1
Armor: Robe              ||    16
Dodge: Dodged            ||    39
